Map: Washout LE

Players

ricko

  • Race: Terran Terran
  • League: Diamond

A.I. 2 (Elite) - Winner!

  • Race: Protoss Protoss

VOD

Have the link to the VOD?

Description

Time

  • Played on: Oct. 15, 2026, 2:08 p.m.
  • Length: 10:57
Show
View Real Time Build Order
Export as new Build Order

ricko Terran 

Build Orders:  

Get SALT Encoding   

  12  0:00  SCV  
  13  0:12  SCV  
  14  0:16  Supply Depot  
  14  0:25  SCV  
  15  0:38  SCV  
  15  0:39  Barracks  
  16  0:43  Refinery  
  16  0:50  SCV  
  17  1:02  SCV  
  18  1:14  SCV  
  19  1:26  Orbital Command  
  19  1:29  Barracks Reactor  
  19  1:40  Command Center  
  19  1:46  Supply Depot  
  19  1:53  SCV  
  20  2:05  SCV  
  20  2:06  Marine x2  
  23  2:11  Barracks  
  23  2:19  Barracks  
  23  2:22  SCV  
  24  2:28  Marine x2  
  26  2:36  SCV  
  27  2:37  Bunker  
  27  2:46  Marine x2  
  29  2:51  Orbital Command  
  29  2:53  SCV  
  30  3:01  Barracks Tech Lab  
  30  3:03  Engineering Bay  
  30  3:07  Marine x2  
  30  3:11  Barracks Tech Lab  
  32  3:19  Stimpack  
  32  3:21  SCV x2  
  34  3:28  Supply Depot  
  34  3:30  Marine x2  
  36  3:36  Terran Infantry Weapons Level 1  
  36  3:38  Marine  
  36  3:40  Combat Shield  
  37  3:44  Refinery  
  37  3:47  Marauder  
  39  3:48  SCV  
  39  3:50  SCV  
  39  3:54  Supply Depot  
  41  4:00  Marauder  
  41  4:01  Marine x2  
  45  4:03  SCV  
  45  4:06  SCV  
  47  4:14  Marauder  
  47  4:15  SCV  
  50  4:21  Marine x2, Marauder  
  54  4:30  Supply Depot  
  54  4:35  SCV x2, Marauder  
  54  4:38  Factory  
  58  4:43  Missile Turret  
  58  4:54  Refinery, Supply Depot  
  58  4:56  SCV x2  
  58  4:58  Marine  
  58  4:59  Marauder x2, Marine  
  66  5:03  Concussive Shells  
  66  5:08  SCV  
  66  5:09  SCV  
  67  5:16  Marine  
  67  5:20  SCV  
  69  5:22  Factory  
  69  5:25  Starport  
  69  5:26  Factory Reactor  
  69  5:27  Barracks  
  69  5:30  Marine, Marauder  
  69  5:32  Barracks  
  72  5:36  SCV x2  
  72  5:48  SCV x2  
  70  5:54  Marine x4  
  65  6:02  SCV  
  65  6:03  SCV  
  66  6:11  Marine  
  66  6:12  Marine x3  
  66  6:14  SCV  
  66  6:15  SCV  
  70  6:26  Medivac  
  70  6:27  Medivac, Barracks Tech Lab  
  70  6:30  Marauder x2  
  78  6:34  Barracks Reactor  
  78  6:40  Ghost Academy  
  78  6:46  Factory Tech Lab  
  78  6:47  Supply Depot  
  78  6:48  Supply Depot  
  78  6:49  Refinery  
  78  6:50  Supply Depot  
  78  6:55  SCV x2  
  78  6:56  Terran Infantry Armor Level 1  
  80  7:07  SCV x2  
  82  7:11  Supply Depot  
  82  7:14  Supply Depot  
  82  7:17  Marine x3  
  82  7:19  SCV  
  82  7:22  Supply Depot  
  92  7:25  Marine  
  93  7:31  Supply Depot  
  93  7:32  Supply Depot, Medivac  
  93  7:33  Medivac  
  93  7:34  Marine  
  93  7:35  Marine  
  99  7:44  Unknown x3  
  99  7:45  Marine  
  99  7:46  Marine x2, Marauder x2  
  106  7:52  Marine x2  
  108  8:03  Marine x2  
  108  8:04  Marauder  
  111  8:07  Marine, Marauder  
  111  8:09  Medivac x2  
  107  8:42  Marine x5, Marauder x2  
  107  8:48  SCV x2  
  118  8:54  Supply Depot  
  118  8:59  Supply Depot  
  118  9:00  Marine x5  
  118  9:01  Liberator  
  126  9:03  Marine x2  
  126  9:06  Supply Depot  
  119  9:46  Marine x4, Marauder, Unknown  
  119  9:47  Marauder  
  119  9:48  Medivac x2  
  119  9:49  Unknown  
  119  9:50  Marauder  
  132  10:04  Marine x4  
  136  10:08  Marine, Marauder  
  136  10:11  Marine  
  140  10:18  Medivac x2  
  143  10:22  Marine x4  
  143  10:26  Marauder  
  145  10:29  Marine, Marauder  
Show
View Real Time Build Order
Export as new Build Order

A.I. 2 (Elite) Protoss - Winner!

Build Orders: 1 Gate Expand, Zealot Archon 

Get SALT Encoding   

  12  0:00  Probe  
  13  0:13  Probe  
  14  0:20  Pylon  
  14  0:25  Probe  
  15  0:34  Probe  
  15  0:42  Probe  
  17  0:51  Gateway  
  17  0:52  Probe  
  18  1:00  Probe  
  19  1:13  Probe  
  19  1:14  Nexus  
  20  1:26  Probe  
  21  1:35  Pylon  
  21  1:38  Zealot  
  23  1:43  Cybernetics Core  
  23  1:48  Assimilator  
  23  1:53  Probe  
  24  2:02  Probe  
  25  2:10  Probe  
  26  2:18  Probe  
  26  2:20  Pylon  
  27  2:26  Probe x2  
  27  2:33  Warp Gate  
  28  2:37  Gateway  
  28  2:38  Probe  
  28  2:39  Probe  
  28  2:40  Assimilator  
  30  2:52  Stalker  
  30  2:53  Probe  
  30  2:55  Pylon  
  30  2:56  Probe  
  34  3:05  Probe  
  34  3:06  Probe  
  36  3:16  Adept  
  36  3:18  Probe x2  
  39  3:20  Adept  
  42  3:27  Probe  
  42  3:28  Robotics Facility  
  42  3:31  Probe  
  44  3:35  Probe  
  45  3:43  Probe  
  45  3:45  Adept  
  45  3:46  Probe  
  47  3:50  Adept  
  51  3:56  Probe  
  51  4:02  Probe  
  53  4:04  Pylon  
  53  4:06  Probe  
  54  4:13  Gateway  
  54  4:16  Probe  
  55  4:20  Robotics Bay  
  55  4:22  Pylon  
  57  4:28  Adept, Observer  
  60  4:31  Probe, Pylon  
  60  4:32  Adept  
  60  4:33  Probe  
  62  4:53  Robotics Facility  
  62  4:57  Pylon, Zealot  
  62  4:58  Stalker  
  66  5:04  Gateway, Zealot  
  68  5:17  Pylon, Zealot  
  68  5:20  Zealot  
  72  5:22  Probe  
  72  5:24  Stalker  
  74  5:41  Adept, Zealot  
  74  5:44  Zealot, Probe  
  74  5:46  Assimilator  
  67  5:51  Twilight Council  
  67  5:53  Assimilator  
  67  5:54  Zealot  
  57  5:57  Pylon, Sentry  
  57  6:01  Pylon, Zealot x2  
  57  6:07  Nexus  
  57  6:11  Probe  
  57  6:15  Zealot, Probe, Pylon  
  59  6:21  Zealot, Stalker  
  59  6:23  Probe  
  64  6:26  Probe  
  64  6:27  Forge  
  64  6:31  Templar Archives  
  65  6:42  Zealot  
  65  6:45  Zealot  
  69  6:47  Zealot  
  69  6:50  Zealot  
  73  6:58  Zealot  
  75  7:02  Zealot  
  75  7:07  High Templar  
  79  7:09  Forge  
  79  7:10  Adept  
  79  7:11  Protoss Ground Weapons Level 1  
  81  7:18  Zealot  
  81  7:20  Probe x3, Photon Cannon  
  81  7:22  Sentry  
  88  7:31  High Templar  
  88  7:32  Assimilator, Probe x2  
  88  7:33  Probe  
  88  7:36  Photon Cannon  
  93  7:37  Assimilator  
  93  7:42  Adept  
  93  7:43  Stalker  
  97  7:44  Probe  
  97  7:45  Stalker, Probe  
  97  7:46  Probe, Archon  
  102  7:56  Probe  
  102  7:57  Photon Cannon  
  102  7:58  Probe  
  104  7:59  Probe  
  104  8:02  High Templar  
  104  8:03  Pylon, Stalker  
  109  8:07  High Templar  
  109  8:08  Probe  
  109  8:10  Probe, Immortal, Stalker  
  109  8:11  Probe  
  116  8:20  Probe  
  116  8:22  Probe  
  116  8:23  Probe  
  116  8:24  Psionic Storm  
  116  8:25  Pylon  
  116  8:26  Zealot  
  123  8:32  Probe  
  123  8:33  Stalker  
  123  8:34  Zealot, Probe, Archon  
  120  8:39  Zealot  
  123  8:47  High Templar  
  125  8:50  Photon Cannon  
  125  8:52  Pylon  
  125  8:54  Stalker  
  125  8:55  Nexus  
  127  8:57  Zealot  
  127  8:59  Charge  
  127  9:00  Stalker  
  131  9:10  Gateway  
  131  9:16  Pylon  
  131  9:17  Adept, Stalker  
  133  9:19  Sentry, Photon Cannon  
  133  9:23  Stalker  
  139  9:26  Pylon  
  115  9:37  High Templar  
  91  9:40  Zealot  
  91  9:41  Zealot  
  91  9:42  Zealot  
  75  9:50  Probe  
  67  9:53  Probe  
  67  9:56  Zealot, Probe  
  65  10:00  Zealot  
  65  10:02  Zealot  
  68  10:07  Probe  
  68  10:09  Zealot, Probe x2  
  68  10:13  Pylon  
  65  10:15  Templar Archives  
  65  10:16  Adept  
  65  10:20  Stalker  
  40  10:22  Sentry  
  23  10:38  Nexus  
  9  10:52  High Templar  
  9  10:53  High Templar  
Tags
 
Add a new tag
Caveats
  • Supply blocks, unpowered buildings, or Contaminate may cause inaccurate times.
  • Supply counts are checked every 10 seconds.